 Dungeon Crawl Stone Soup version 0.22-a0-570-g58866f5 (webtiles) character file.

25 Hebeh the Covered (level 2, 0/27 HPs)
             Began as a Minotaur Fighter on June 30, 2018.
             Slain by a gnoll
             ... wielding a +0 club
              (5 damage)
             ... on level 2 of the Dungeon.
             The game lasted 00:02:14 (888 turns).

Hebeh the Covered (Minotaur Fighter)                 Turns: 888, Time: 00:02:15

Health: 0/27       AC:  7    Str: 20    XL:     2   Next: 82%
Magic:  1/1        EV:  7    Int:  5    God:
Gold:   40         SH:  9    Dex:  9    Spells: 1/1 levels left

rFire    . . .     SeeInvis .   a - +0 war axe
rCold    . . .     Gourm    .   c - +0 shield
rNeg     . . .     Faith    .   b - +0 scale mail
rPois    .         Spirit   .   (helmet restricted)
rElec    .         Reflect  .   (no cloak)
rCorr    .         Harm     .   (no gloves)
MR       .....                  (no boots)
Stlth    ..........             (no amulet)
HPRegen  0.09/turn              (no ring)
MPRegen  0.07/turn              (no ring)

@: no status effects
A: retaliatory headbutt, horns 2
a: no special abilities


You were on level 2 of the Dungeon.
You were not hungry.

You visited 1 branch of the dungeon, and saw 2 of its levels.

You collected 40 gold pieces.

Inventory:

Hand Weapons
 a - a +0 war axe (weapon)
Armour
 b - a +0 scale mail (worn)
 c - a +0 shield (worn)
Scrolls
 i - a scroll of teleportation {unknown}
Potions
 d - 2 potions of might
 e - a potion of magic {unknown}
 g - a potion of haste {unknown}
 h - a potion of curing {unknown}
 j - a potion of ambrosia {unknown}
 k - a potion of degeneration {unknown}
Comestibles
 f - 3 rations
 l - 4 chunks of flesh


   Skills:
 + Level 3.9 Fighting
 * Level 3.2 Axes
 + Level 3.9 Armour
 + Level 3.9 Shields


You had one spell level left.
You didn't know any spells.
Your spell library was empty.

Dungeon Overview and Level Annotations

Branches:
Dungeon (2/15)

Altars:


Innate Abilities, Weirdness & Mutations

You reflexively headbutt those who attack you in melee.
You have a pair of horns on your head.


Message History

You are too injured to fight recklessly!
You are too injured to fight recklessly!
You barely miss the gnoll. Your headbutt misses the gnoll.
The gnoll is severely wounded.
You barely miss the gnoll.
A gnoll comes into view.
The gnoll barely misses you.
The gnoll hits you with a halberd of chopping.
* * * LOW HITPOINT WARNING * * *
x2 You block the gnoll's attack.
You slash the gnoll!
The gnoll is heavily wounded.
You block the gnoll's attack. x2
You closely miss the gnoll.
The gnoll is heavily wounded.
You block the gnoll's attack. x2; The gnoll hits you but does no damage.
You hit the gnoll but do no damage.
The gnoll is heavily wounded.
You block the gnoll's attack. The gnoll hits you with a club.
You die...

#. #. ## #. ..# #.
#.# #. #.# #g #.#
#.########.#
#.gg@......#####
#########..#...#
#............#.#
#.#######..(...# #.#
##.#).## #######.#
#.#..#
#.......########.#..#
# ###............#..#
#<#.....#####.......#


You could see 2 gnolls.

Vanquished Creatures
  3 goblins (D:1)
  4 hobgoblins
  3 bats (D:1)
  5 frilled lizards (D:1)
  4 kobolds (D:1)
  7 rats (D:1)
26 creatures vanquished.

Notes
Turn   | Place    | Note
-------+----------+-------------------------------------------
     0 | D:1      | Hebeh the Minotaur Fighter began the quest for the Orb.
     0 | D:1      | Reached XP level 1. HP: 19/19 MP: 0/0
   152 | D:1      | Reached XP level 2. HP: 25/27 MP: 1/1
   888 | D:2      | Slain by a gnoll

Vault maps used:
D:1:      minmay_arrival_cross
D:2:      chequers_temple_overflow_minitemple, first_ration, serial_park_tiny_2,
          minmay_misc_feat_x

Skill      XL: |  1  2 |
---------------+-------+-----
Axes           | 3 |  3.2
Fighting       | |  3.9
Armour         | |  3.9
Shields        | |  3.9

Action                   || total
-------------------------++-------
Melee: War axe           ||    65
       Headbutt          ||     8
Armor: Scale mail        ||    23
Dodge: Dodged            ||    19
Block: Shield            ||    35

Table legend:
 A = Spawn XP
 B = Non-spawn XP
 C = Spawn XP percentage of total XP
 D = Spawn monster count
 E = Non-spawn monster count
 F = Spawn count percentage of total count
 G = Total turns spent on level
                    A         B        C        D         E        F      G
               +---------+---------+-------+---------+---------+-------+---------
         Total |       0 |      36 |   0.0 |       0 |      26 |   0.0 |   888
               +---------+---------+-------+---------+---------+-------+---------
           D:1 |       0 |      34 |   0.0 |       0 |      25 |   0.0 |   844
           D:2 |       0 |       2 |   0.0 |       0 |       1 |   0.0 |    44
               +---------+---------+-------+---------+---------+-------+---------
